 Dungeon Crawl Stone Soup version 0.28.0-1-gb440e238dd (webtiles) character file.

Game seed: 8016353085017191721

174 zazu2006 the Magician (level 5, -2/42 HPs)
             Began as a Naga Hedge Wizard on Feb 25, 2022.
             Slain by Grinder (4 damage)
             ... on level 3 of the Dungeon.
             The game lasted 00:06:39 (3943 turns).

zazu2006 the Magician (Naga Hedge Wizard)           Turns: 3943, Time: 00:06:39

Health: -2/42      AC: 10    Str: 12    XL:     5   Next: 54%
Magic:  0/11       EV:  9    Int: 16    God:
Gold:   127        SH:  0    Dex: 11    Spells: 3/12 levels left

rFire   + . .      SeeInvis +   a - +0 dagger
rCold   + . .      Faith    .   (no shield)
rNeg    . . .      Spirit   .   e - +0 leather armour
rPois   +          Reflect  .   n - +1 helmet
rElec   +          Harm     .   f - +0 cloak
rCorr   +          Rampage  .   (no gloves)
Will    .....                   (no barding)
Stlth   ++........              (no amulet)
HPRegen 0.14/turn               g - +4 ring of slaying
MPRegen 0.12/turn               p - +4 ring of protection

@: about to teleport, resistant (expiring), very slow
A: AC +1, large, see invisible, deformed body, poison resistance, slowness 2,
spit poison 1, naga tail 1
a: Spit Poison


You were on level 3 of the Dungeon.
You visited 1 branch of the dungeon, and saw 3 of its levels.

You collected 127 gold pieces.

Inventory:

Hand Weapons
 a - a +0 dagger (weapon)
Armour
 e - a +0 leather armour (worn)
 f - a +0 cloak (worn)
 n - a +1 helmet (worn)
Jewellery
 g - a +4 ring of slaying (left hand)
 h - a ring of willpower
 o - a ring of willpower
 p - a +4 ring of protection (right hand)
Scrolls
 b - a scroll of enchant armour {unknown}
 j - a scroll of teleportation
 m - a scroll of vulnerability {unknown}
 q - a scroll of fog {unknown}
Potions
 l - 2 potions of flight


   Skills:
 + Level 0.1 Fighting
 + Level 0.8 Armour
 + Level 2.0 Dodging
 + Level 3.7 Stealth
 + Level 4.1 Spellcasting
 + Level 3.0 Conjurations
 + Level 1.0 Summonings
 + Level 1.0 Translocations
 * Level 0.9 Poison Magic


You had 3 spell levels left.
You knew the following spells:

 Your Spells              Type           Power      Damage    Failure   Level
a - Magic Dart            Conj           52%        1d5       6%          1
b - Mephitic Cloud        Conj/Pois/Air  7%         N/A       36%         3
c - Conjure Flame         Conj/Fire      8%         6-21      34%         3
d - Blink                 Tloc           12%        N/A       22%         2

Your spell library contained the following spells:

 Spells                   Type           Power      Damage    Failure   Level
 Slow                     Hex            12%        N/A       22%         1
 Call Imp                 Summ           6%         N/A       22%         2


Dungeon Overview and Level Annotations

Branches:
Dungeon (3/15)

Altars:

Annotations:
D:3 3 runed translucent doors, Grinder; yahweh's ghost, amateur MiBe


Innate Abilities, Weirdness & Mutations

Your serpentine skin is tough. (AC +1)
You have supernaturally acute eyesight. (SInv)
Armour fits poorly on your strangely shaped body.
Your system is resistant to poisons. (rPois)
You cover ground very slowly.
You can spit poison.
You have a snake-like lower body.


Message History

Casting: Magic Dart (safe; 6% risk of failure)
Confirm with . or Enter, or press ? or * to list all spells.
Aiming: Magic Dart (safe; 6% risk of failure)
Press: ? - help, Shift-Dir - straight line, f/p - Grinder
Aim: Grinder (severely wounded, 100% to hit)
The magic dart hits Grinder but does no damage.
Grinder is severely wounded.
You start to feel less resistant.
Grinder gestures at you. Pain shoots through your body!
* * * LOW HITPOINT WARNING * * *
Casting: Magic Dart (safe; 6% risk of failure)
Confirm with . or Enter, or press ? or * to list all spells.
Aiming: Magic Dart (safe; 6% risk of failure)
Press: ? - help, Shift-Dir - straight line, f/p - Grinder
Aim: Grinder (severely wounded, 100% to hit)
The magic dart hits Grinder but does no damage.
Grinder is severely wounded.
Grinder barely misses you.
Casting: Magic Dart (safe; 6% risk of failure)
Confirm with . or Enter, or press ? or * to list all spells.
Aiming: Magic Dart (safe; 6% risk of failure)
Press: ? - help, Shift-Dir - straight line, f/p - Grinder
Aim: Grinder (severely wounded, 100% to hit)
The magic dart hits Grinder.
Grinder is severely wounded.
Grinder says, "Are you a fish?" Grinder hits you.
* * * LOW HITPOINT WARNING * * *
Unknown command.
Casting: Magic Dart (safe; 6% risk of failure)
Confirm with . or Enter, or press ? or * to list all spells.
You don't have enough magic to cast this spell.
Unknown command.
Okay, then.
As you read the scroll of teleportation, it crumbles to dust.
You feel strangely unstable. Grinder hits you.
* * * LOW HITPOINT WARNING * * *
You writhe in agony.
You die...

######## ....)..#
#.####.# #.# #.# #†##
#.# ########### ...#
#.# #....5@...#
#.)###.# #.##...##.#
...)...# #.##.#....#
+++##..####.##...#....
.KKW##.##...........##
KK.#.####.#.........#
#K#.⌠# #.#.........#
K..#.# #.#.........#
....## #.#........


You could see Grinder.

Vanquished Creatures
  Jessica (D:2)
  Natasha (twice) (D:2)
  Robin (D:3)
  2 adders
  3 dart slugs
  4 orcs
  6 endoplasms
  2 giant cockroaches
  11 goblins
  6 hobgoblins
  4 jackals
  3 quokkas
  3 bats
  2 frilled lizards (D:3)
  2 kobolds
  3 rats
55 creatures vanquished.

Notes
Turn   | Place    | Note
-------+----------+-------------------------------------------
     0 | D:1      | zazu2006 the Naga Hedge Wizard began the quest for the Orb.
     0 | D:1      | Reached XP level 1. HP: 15/15 MP: 4/4
   215 | D:1      | Found a faded altar of an unknown god.
   221 | D:1      | Reached XP level 2. HP: 17/22 MP: 1/6
  1080 | D:1      | Reached XP level 3. HP: 27/28 MP: 1/7
  1084 | D:1      | Learned a level 3 spell: Mephitic Cloud
  1088 | D:1      | Learned a level 3 spell: Conjure Flame
  1812 | D:2      | Noticed Jessica
  1815 | D:2      | Killed Jessica
  1816 | D:2      | Reached XP level 4. HP: 36/36 MP: 6/9
  2050 | D:2      | Noticed Natasha
  2059 | D:2      | Killed Natasha
  2473 | D:2      | Noticed Natasha
  2481 | D:2      | Killed Natasha
  2482 | D:2      | Reached XP level 5. HP: 38/42 MP: 2/10
  2655 | D:2      | Learned a level 2 spell: Blink
  3032 | D:3      | Reached skill level 4 in Spellcasting
  3556 | D:3      | Noticed Grinder
  3560 | D:3      | Paralysed by Grinder for 4 turns
  3735 | D:3      | Found a runed translucent gate.
  3737 | D:3      | Found a runed translucent gate.
  3737 | D:3      | Found a runed translucent gate.
  3749 | D:3      | Noticed Robin
  3769 | D:3      | Killed Robin
  3827 | D:3      | Noticed a kobold brigand
  3831 | D:3      | Noticed yahweh's ghost (amateur MiBe)
  3909 | D:3      | Paralysed by Grinder for 4 turns
  3918 | D:3      | HP: 1/42 [Grinder (4)]
  3922 | D:3      | Paralysed by Grinder for 2 turns
  3943 | D:3      | HP: 2/42 [Grinder (6)]
  3943 | D:3      | Slain by Grinder

Illustrated notes

Levels and vault maps discovered:
D:1:      dpeg_arrival_radiant, layout_basic,
          dreamdust_ecumenical_altar_statues, hangedman_decor_push,
          minmay_misc_feat_hallway
D:2:      layout_basic, kennysheep_generic_room_2, uniq_natasha, uniq_jessica
D:3:      layout_loops_corners, lightli_temple_of_fire,
          gammafunk_ghost_nasty_kobolds, uniq_robin, uniq_grinder

Skill      XL: |  1  2  3  4  5 |
---------------+----------------+-----
Conjurations   | 2 3 |  3.0
Dodging        | 2 |  2.0
Spellcasting   | 4 |  4.1
Fighting       | |  0.1
Armour         | |  0.8
Stealth        | |  3.7
Summonings     | |  1.0
Translocations | |  1.0
Poison Magic   | |  0.9

Action                   |  1- 3 |  4- 6 || total
-------------------------+-------+-------++-------
Melee: Dagger            |     9 |    20 ||    29
       Punch             |       |     1 ||     1
 Cast: Magic Dart        |    76 |    79 ||   155
 Abil: Spit Poison       |    11 |    10 ||    21
  Use: Scroll            |       |     6 ||     6
       Potion            |       |     3 ||     3
 Stab: Sleeping          |       |     1 ||     1
Armor: Leather armour    |     6 |    18 ||    24
Dodge: Dodged            |    21 |    23 ||    44
